 Dungeon Crawl Stone Soup version 0.27-b1-16-g6517624069 (webtiles) character file.

Game seed: 17122151523122334803

60 horus123 the Magician (level 4, 0/27 HPs)
             Began as an Octopode Hedge Wizard on July 26, 2021.
             Succumbed to an adder's poison
             ... on level 3 of the Dungeon.
             The game lasted 00:13:55 (1707 turns).

horus123 the Magician (Octopode Hedge Wizard)       Turns: 1707, Time: 00:13:55

Health: 0/27       AC:  1    Str:  9    XL:     4   Next: 6%
Magic:  3/9        EV: 13    Int: 17    God:
Gold:   41         SH:  0    Dex: 11    Spells: 5/10 levels left

rFire    . . .     SeeInvis .   c - staff of conjuration
rCold    . . .     Faith    .   (no shield)
rNeg     . . .     Spirit   .   b - +0 hat
rPois    .         Reflect  .   (no amulet)
rElec    .         Harm     .   (no ring)
rCorr    .         Rampage  .   (no ring)
Will     .....                  (no ring)
Stlth    +++.......             (no ring)
HPRegen  0.09/turn              (no ring)
MPRegen  0.11/turn              (no ring)
                                (no ring)
                                (no ring)

@: lethally poisoned (0 -> -4)
A: almost no armour, amphibious, 8 rings, camouflage 1, gelatinous body 1,
(nimble swimmer 1), tentacles
a: no special abilities


You were on level 3 of the Dungeon.
You visited 1 branch of the dungeon, and saw 3 of its levels.

You collected 41 gold pieces.

Inventory:

Hand Weapons
 a - a +0 dagger
Armour
 b - a +0 hat (worn)
Magical Staves
 c - a staff of conjuration (weapon)
Scrolls
 d - a scroll of enchant armour {unknown}


   Skills:
 - Level 0.9 Short Blades
 * Level 0.1 Staves
 + Level 2.4 Dodging
 + Level 3.4 Stealth
 * Level 3.8 Spellcasting
 * Level 1.2 Conjurations
 - Level 1.1 Summonings
 + Level 1.0 Translocations


You had 5 spell levels left.
You knew the following spells:

 Your Spells              Type           Power      Damage    Failure   Level
a - Magic Dart            Conj           44%        1d5       10%         1
b - Call Imp              Summ           7%         N/A       16%         2
c - Blink                 Tloc           N/A        N/A       16%         2

Your spell library contained the following spells:

 Spells                   Type           Power      Damage    Failure   Level
 Slow                     Hex            3%         N/A       24%         2
 Conjure Flame            Conj/Fire      7%         6-21      36%         3
 Mephitic Cloud           Conj/Pois/Air  6%         N/A       38%         3


Dungeon Overview and Level Annotations

Branches:
Dungeon (2/15)

Altars:


Innate Abilities, Weirdness & Mutations

You cannot wear most types of armour.
You are amphibious.
You can wear up to eight rings at the same time.
Your skin changes colour to match your surroundings (Stealth+).
Your rubbery body absorbs attacks. (AC +1, EV +1)
((You are camouflaged near water. (Stealth+)))
You have tentacles for arms and can constrict up to eight enemies at once.


Message History

Press: ? - help, Dir - move target, f - adder
Aim: an adder (about 60% to evade your staff of conjuration)
You completely miss the adder. Your grab misses the adder.
The adder closely misses you. The adder bites you.
Hit: c) staff of conjuration
Press: ? - help, Dir - move target, f/p - adder
Aim: an adder (about 60% to evade your staff of conjuration)
You closely miss the adder. Your grab misses the adder. The adder bites you.
The adder misses you.
Hit: c) staff of conjuration
Press: ? - help, Dir - move target, f/p - adder
Aim: an adder (about 60% to evade your staff of conjuration)
You miss the adder. Your grab misses the adder. The adder closely misses you.
Hit: c) staff of conjuration
Press: ? - help, Dir - move target, f/p - adder
Aim: an adder (about 60% to evade your staff of conjuration)
You hit the adder. Your grab misses the adder.
The adder is moderately wounded.
The adder bites you. x2
* * * LOW HITPOINT WARNING * * *
You miss the adder. Your grab misses the adder.
You squeeze the adder, but do no damage.
The adder is moderately wounded.
The adder barely misses you.
You hit the adder. You grab the adder.
The adder is heavily wounded.
You constrict the adder, but do no damage.
The adder closely misses you. The adder misses you.
You hit the adder.
The adder is severely wounded.
You constrict the adder. The adder bites you.
* * * LOW HITPOINT WARNING * * *
You are lethally poisoned!
The adder poisons you!
You hit the adder.
You kill the adder!
* * * LOW HITPOINT WARNING * * *
You feel sick. The bat hits you but does no damage.
You have reached level 4!
You die...

#. ####... ###....#
#####...##### #...........#
###b..........#
###o............#
###...#.........(.#
###.o.###@..........#
###o..### #...........# .
###...### #...........#
...#...#########......<....#
.....5o.S....5.....(.......+
...###..o..................#
.# #..................##.#
#...........####### #.#
+...o.####### ..#


You could see a bat.

Vanquished Creatures
  An adder (D:3)
  3 ball pythons (D:1)
  7 endoplasms
  2 giant cockroaches (D:1)
  3 goblins
  A hobgoblin (D:1)
  13 jackals (D:1)
  2 quokkas (D:1)
  2 bats (D:1)
  2 kobolds (D:1)
  4 rats (D:1)
40 creatures vanquished.

Vanquished Creatures (collateral kills)
  2 goblins
  A rat (D:2)
3 creatures vanquished.

Grand Total: 43 creatures vanquished

Notes
Turn   | Place    | Note
-------+----------+-------------------------------------------
     0 | D:1      | horus123 the Octopode Hedge Wizard began the quest for the
                  | Orb.
     0 | D:1      | Reached XP level 1. HP: 11/11 MP: 4/4
    33 | D:1      | Upgraded the game from 0.27-b1-2-g8387495791 to
                  | 0.27-b1-16-g6517624069
    89 | D:1      | Found a faded altar of an unknown god.
   103 | D:1      | Reached XP level 2. HP: 9/17 MP: 6/6
   505 | D:1      | Reached XP level 3. HP: 12/21 MP: 2/7
   631 | D:1      | Learned a level 2 spell: Call Imp
   634 | D:1      | Learned a level 2 spell: Blink
  1536 | D:2      | You fall into a shaft and drop 1 floor!
  1706 | D:3      | HP: 1/21 [poisoned by an adder]
  1707 | D:3      | Reached XP level 4. HP: 1/27 MP: 3/9
  1707 | D:3      | Succumbed to an adder's poison

Illustrated notes

Levels and vault maps discovered:
D:1:      saegor_arrival_simple_d, layout_rooms, shapermc_ecumenical_altar_venn,
          st_stairs_8
D:2:      layout_basic
D:3:      layout_basic, lemuel_round_altar, serial_shops, nicolae_shop_stone,
          minmay_misc_feat_x, kennysheep_generic_room_7

Skill      XL: |  1  2 |
---------------+-------+-----
Stealth        | 3 |  3.4
Short Blades   | |  0.9
Staves         | |  0.1
Dodging        | |  2.4
Spellcasting   | |  3.8
Conjurations   | |  1.2
Summonings     | |  1.1
Translocations | |  1.0

Action                   |  1- 3 |  4- 6 || total
-------------------------+-------+-------++-------
Melee: Dagger            |    53 |       ||    53
       Constrict         |    12 |       ||    12
       Tentacles         |     8 |       ||     8
       Staff             |    11 |       ||    11
 Cast: Magic Dart        |    56 |       ||    56
       Call Imp          |     7 |       ||     7
  Use: Scroll            |     1 |       ||     1
 Stab: Sleeping          |     2 |       ||     2
Armor: Skin              |    12 |       ||    12
Dodge: Dodged            |    78 |       ||    78
